[Event "*** Titled Tuesday Blitz"]
[Site "Chess.com"]
[Date "2020.11.10"]
[Round "11"]
[White "Ajedrez_con_German"]
[Black "xLuring1"]
[Result "0-1"]
[WhiteElo "2526"]
[BlackElo "2414"]
[TimeControl "180+1"]
[EndTime "12:13:38 PST"]
[Termination "xLuring1 won by resignation"]

1. Nf3 f5 2. g3 Nf6 3. Bg2 d6 4. O-O e5 5. d3 Be7 6. c4 O-O 7. Nc3 Nc6 8. Rb1 Qe8 9. Bg5 Qh5 10. Bxf6 Bxf6 11. Nd5 Bd8 12. b4 Ne7 13. b5 Nxd5 14. cxd5 f4 15. Rc1 Rf6 16. Rc4 g5 17. Qc2 g4 18. Nh4 Rf7 19. Rc1 Bf5 20. Be4 Bxe4 21. dxe4 fxg3 22. fxg3 Bxh4 23. gxh4 Qxh4 24. Rxc7 Raf8 25.
Rxf7 Rxf7 26. Qd3 Qf2+ 27. Kh1 Qf4 28. Rg1 h5 29. a4 Rc7 30. Rd1 b6 31. Kg1 h4 32.
Qd2 Qxd2 33. Rxd2 Rc4 34. Kf2 Rxa4 35. Ke3 Rb4 36. Rc2 Rxb5 37. Rc8+ Kg7 38. Rc7+ Kf6 39. Rxa7 g3 40. hxg3 h3 41. Rh7 Rb3+ 42. Kf2 b5 43. Rxh3 b4 44. Rh7 Ra3 45. Rd7 Ra6 46. Rb7 Ra4 47. Rd7 Kg5 48. Rxd6 b3 49. Kf3 Rb4 50. Ra6 b2 0-1

[Event "*** Titled Tuesday Blitz"]
[Site "Chess.com"]
[Date "2020.11.10"]
[Round "11"]
[White "CM_rui"]
[Black "GelmanAlexander"]
[Result "0-1"]
[WhiteElo "2395"]
[BlackElo "2566"]
[TimeControl "180+1"]
[EndTime "12:13:38 PST"]
[Termination "GelmanAlexander won by checkmate"]

1. e4 c5 2. Nf3 e6 3. c4 a6 4. d4 cxd4 5. Nxd4 b6 6. Nc3 Bb7 7. Be2 d6 8. Be3 Nf6 9. f3 Nbd7 10. O-O Rc8 11. Rc1 Rg8 12. Qd2 h6 13. Bd3 g5 14.
b3 Ne5 15. Bb1 Nfd7 16. f4 Ng4 17. f5 Qe7 18. Qe2 Nxe3 19. Qxe3 Bg7 20. fxe6 fxe6 21. Rcd1 Be5 22. Nf3 Qg7 23. Nxe5 Qxe5 24. Qf3 Rf8 25. Qh5+ Ke7 26. Ne2 Nf6 27. Qxh6 Rf7 28. Nd4 Rh7 29. Qg6 Qxh2+ 30. Kf2 Ng4+ 31. Ke1 Qg3+ 32. Kd2 Rch8 33. Qxe6+ Kd8 34. Kc1 Rd7 35. Nf5 Qxg2 36. Nxd6 Kc7 37. Nf7 Rxd1+ 38. Rxd1 Kb8 39. Qd6+ Ka7 40. Qc7 Rc8 41. Qd7 Ne3 42. Nd6 Rb8 43. Re1 Qf2 44. Nb5+ axb5 45. Qxb5 Qxe1+ 46. Kb2 Qd2+ 47. Ka3 Ra8 48.
Qa4+ Kb8 49. e5 Rxa4+ 50. Kxa4 Qd4 51. Ka3 Qxe5 52. b4 g4 53. Kb3 Qd4 54. Bd3 Qxd3+ 55. Ka4 Qxc4 56. a3 Bc6# 0-1

[Event "*** Titled Tuesday Blitz"]
[Site "Chess.com"]
[Date "2020.11.10"]
[Round "11"]
[White "canary2016"]
[Black "Grineva_Marianna"]
[Result "0-1"]
[WhiteElo "2002"]
[BlackElo "2211"]
[TimeControl "180+1"]
[EndTime "12:13:38 PST"]
[Termination "Grineva_Marianna won by checkmate"]

1. Nf3 f5 2. g3 Nf6 3. d4 g6 4. Bg2 Bg7 5. b3 O-O 6. Bb2 d6 7. O-O c6 8. Nbd2 Qe8 9. Re1 Ne4 10.
Nxe4 fxe4 11. Nd2 d5 12. c4 Qf7 13. Rf1 Nd7 14. Rc1 Nf6 15. e3 Bg4 16. f3 exf3 17.
Bxf3 Bxf3 18. Nxf3 Qe6 19. Ne5 Ne4 20. cxd5 cxd5 21.
Qe2 Rf6 22. Rxf6 exf6 23. Nd3 g5 24. Nc5 Nxc5 25. Rxc5 Re8 26. Bc1 Bf8 27. Rc7 Re7 28.
Rxe7 Bxe7 29. Qb5 Qc6 30. Qxc6 bxc6 31. Kf2 Kf7 32. Kf3 f5 33. g4 Ke6 34. gxf5+ Kxf5 35. h3 h5 36. Bd2 g4+ 37. hxg4+ hxg4+ 38. Kg3 Bd6+ 39. Kg2 Ke4 40. Kf2 a6 41. Ba5 g3+ 42. Ke2 g2 43. Kf2 g1=Q+ 44. Kxg1 Kxe3 45. Bb6 Kd3 46. Kf2 Bf4 47. Kf3 Be3 48. Ba5 Bxd4 49. a3 Kc2 50. b4 Kb3 51. Ke2 Kxa3 52. Kd3 Be5 53.
Kc2 Ka4 54. Kd3 Kb5 55. Kc2 Kc4 56. Kd2 Bd6 57. Kc2 Bxb4 58. Bb6 a5 59. Bd8 a4 60. Bf6 d4 61. Be5 a3 62. Kd1 a2 63. Bf4 a1=Q+ 64. Bc1 Ba3 65. Ke2 Qxc1 66. Kf2 Qe3+ 67. Kg2 Qf4 68. Kh1 Qg4 69. Kh2 Kd3 70. Kh1 Ke2 71. Kh2 Kf2 72. Kh1 Qg2# 0-1

[Event "*** Titled Tuesday Blitz"]
[Site "Chess.com"]
[Date "2020.11.10"]
[Round "11"]
[White "ShapkinAnatoliy"]
[Black "Msb2"]
[Result "1-0"]
[WhiteElo "2655"]
[BlackElo "2868"]
[TimeControl "180+1"]
[EndTime "12:13:39 PST"]
[Termination "ShapkinAnatoliy won by resignation"]

1. d4 Nf6 2. c4 e6 3. g3 Bb4+ 4. Bd2 a5 5. Bg2 d5 6. Nf3 O-O 7. O-O dxc4 8. Bg5 h6 9. Bxf6 Qxf6 10. a3 Bd6 11. Nc3 c6 12. e3 b5 13. Nd2 Ra7 14.
Nce4 Qe7 15. Qc2 Na6 16. Nxd6 Qxd6 17. b3 cxb3 18. Nxb3 a4 19. Nc5 Nxc5 20. dxc5 Qc7 21. Rfd1 Bb7 22. Rd6 Qa5 23. Qb2 Rc8 24. Rad1 b4 25.
Qxb4 Qxb4 26. axb4 a3 27. Ra1 a2 28. Rd7 Kf8 29.
b5 Ke8 30. bxc6 Ra5 31. Rxb7 g5 32. Rb2 Rca8 33. c7 Rc8 34. Rbxa2 Rxc5 35. Ra8 Kd7 36.
Rxc8 Kxc8 37. Ra8+ Kxc7 38. Ra7+ Kd6 39. Rxf7 g4 40. Bf1 h5 41. Kg2 Ra5 42. h3 Ra4 43. hxg4 hxg4 44. Rf4 Ra2 45. Rxg4 Ke5 46. Rf4 Rb2 47. g4 Kd6 48. Kf3 e5 49. Ra4 Ke6 50.
Bd3 Kf6 51. Be4 Kg5 52. Ra6 Rb8 53. Kg3 Rg8 54. f4+ 1-0

[Event "*** Titled Tuesday Blitz"]
[Site "Chess.com"]
[Date "2020.11.10"]
[Round "11"]
[White "mirciulica14"]
[Black "Chessalary"]
[Result "0-1"]
[WhiteElo "2623"]
[BlackElo "2491"]
[TimeControl "180+1"]
[EndTime "12:13:39 PST"]
[Termination "Chessalary won by checkmate"]

1. d4 d5 2. c4 e6 3. Nf3 c6 4.
Nc3 Nf6 5. Bg5 Be7 6. e3 O-O 7. Qc2 h6 8. Bh4 dxc4 9. Bxc4 b5 10. Be2 Bb7 11. O-O a6 12. Rfd1 Nbd7 13. e4 Qc7 14. Bg3 Qb6 15. Rac1 Rac8 16. e5 Nd5 17. Nxd5 cxd5 18.
Qb3 Qa5 19. Bf4 Nb6 20. Bd2 Qa4 21. Qxa4 bxa4 22. b3 axb3 23. axb3 g5 24. Ba5 Nd7 25. Ne1 Ba3 26. Ra1 Bb2 27. Ra2 Bc3 28. b4 Nb8 29. b5 axb5 30. Bxb5 Bxa5 31. Rxa5 Nc6 32. Ra4 Ne7 33. g4 Bc6 34. Rb1 Bxb5 35. Rxb5 Rc1 36. Kf1 Ng6 37. Rab4 Nf4 38. Rb1 Rfc8 39. f3 Nd3 40. Rb8 Rxe1+ 41. Rxe1 Rxb8 42. Rd1 Nf4 43. Rc1 Rb2 44. Rc8+ Kg7 45. Kg1 Ne2+ 46. Kh1 Nxd4 47. Rc3 Ne2 48. Re3 Nf4 49. Kg1 d4 50. Re4 d3 51.
Kf1 d2 52. Rd4 Rb1+ 53. Kf2 d1=Q 54. Rxd1 Rxd1 55. h4 gxh4 56. Ke3 h3 57. g5 Nd5+ 58.
Ke4 hxg5 59. f4 h2 60. f5 h1=Q# 0-1

[Event "*** Titled Tuesday Blitz"]
[Site "Chess.com"]
[Date "2020.11.10"]
[Round "11"]
[White "Lady_Nika"]
[Black "Brave_spirit12"]
[Result "0-1"]
[WhiteElo "2364"]
[BlackElo "2479"]
[TimeControl "180+1"]
[EndTime "12:13:39 PST"]
[Termination "Brave_spirit12 won by checkmate"]

1. d4 Nf6 2. e3 e6 3. Bd3 d5 4. f4 c5 5. c3 Nc6 6. Nf3 Bd6 7. O-O O-O 8. Ne5 Ne4 9. Nd2 f5 10. Rf3 Bxe5 11. fxe5 Bd7 12. Rh3 cxd4 13. exd4 Nxe5 14. Bxe4 fxe4 15. dxe5 Qb6+ 16. Kh1 Qf2 17. Qg1 Qe2 18. Re3 Qh5 19. Nb3 Bb5 20. Bd2 Rf7 21.
Nd4 Bd3 22. Rh3 Qxe5 23. Re1 Qd6 24. Rxd3 exd3 25. Rxe6 Qd7 26. h3 Raf8 27. Re1 Rf2 28. Be3 Rxb2 29. Qh2 Re8 30. Qg3 d2 31. Rd1 Qa4 32. Qf3 Rxe3 33. Qxd5+ Kh8 34. Rf1 d1=Q 35. Rxd1 Qxd1+ 36. Kh2 Qe1 37. Qd8+ Re8 38. Qd6 Qe5+ 39. Qxe5 Rxe5 40. Kg3 Rxa2 41. Kf4 Rc5 42. g4 Rxc3 43. Ne6 Ra4+ 44. Ke5 Re3+ 45. Kd6 Rxe6+ 46. Kd7 Rxg4 47. Kc8 Rg3 48. Kb8 Rxh3 49. Ka8 b5 50. Kb8 a5 51. Kc8 b4 52. Kd8 a4 53. Kd7 Rhe3 54.
Kd8 a3 55. Kd7 a2 56. Kd8 a1=Q 57.
Kd7 b3 58. Kc8 b2 59. Kd7 b1=Q 60. Kc8 h5 61. Kd7 h4 62. Kc8 h3 63. Kd7 h2 64.
Kc8 h1=Q 65. Kc7 g5 66. Kd7 g4 67. Kd8 g3 68. Kc7 g2 69. Kd7 g1=Q 70. Kd8 Qhh7 71.
Kc8 Qa8# 0-1

[Event "*** Titled Tuesday Blitz"]
[Site "Chess.com"]
[Date "2020.11.10"]
[Round "11"]
[White "tteshan"]
[Black "Gogolev_Artemy"]
[Result "0-1"]
[WhiteElo "2372"]
[BlackElo "2499"]
[TimeControl "180+1"]
[EndTime "12:13:43 PST"]
[Termination "Gogolev_Artemy won by resignation"]

1. d4 Nf6 2. c4 e6 3. Nc3 d5 4. cxd5 exd5 5. Bg5 c6 6. e3 Bf5 7. Qf3 Bg6 8. Bxf6 Qxf6 9. Qxf6 gxf6 10. Nf3 a5 11. h4 h5 12. Be2 Bd6 13. g3 Nd7 14. O-O b5 15. a4 b4 16. Na2 c5 17.
Nc1 c4 18. Re1 O-O-O 19. Nd2 Rhe8 20. Bf3 Nb6 21. Ne2 Kd7 22. Rec1 Rc8 23. Bg2 Bd3 24. Nf4 Bxf4 25. gxf4 Kd6 26. Kh2 f5 27. Bf3 Be4 28. Nxe4+ fxe4 29. Be2 f6 30. Rg1 Rg8 31. Bxh5 Rxg1 32.
Rxg1 Nxa4 33. Rg6 Rf8 34. Rg7 Nxb2 35. Ra7 a4 36. Ra6+ Kc7 37. Be2 b3 38. h5 c3 39.
Ra5 c2 40. Rc5+ Kd6 41. Bb5 a3 42. Rc6+ Ke7 43. Rc7+ Ke6 44. Rc6+ Kf5 45. Rc5 Kg4 46. Bd7+ Kf3 47. Rc3 a2 48. Bg4+ Kxg4 49. Rxb3 Kf5 50.
Rxb2 c1=Q 51. Rxa2 Kg4 0-1

[Event "*** Titled Tuesday Blitz"]
[Site "Chess.com"]
[Date "2020.11.10"]
[Round "11"]
[White "ukchessbomber"]
[Black "Malysch"]
[Result "1-0"]
[WhiteElo "2284"]
[BlackElo "2392"]
[TimeControl "180+1"]
[EndTime "12:13:43 PST"]
[Termination "ukchessbomber won by resignation"]

1. d4 Nf6 2. c4 g6 3. Nc3 d5 4. cxd5 Nxd5 5. e4 Nxc3 6. bxc3 Bg7 7. Be3 c5 8. Qd2 Qa5 9. Nf3 Nc6 10. Rc1 cxd4 11.
cxd4 Qxd2+ 12. Kxd2 O-O 13. d5 Rd8 14. Bc4 Na5 15. Bb5 e6 16. Ke2 exd5 17. Rhd1 Be6 18.
e5 Nc4 19. Bg5 Rdc8 20. Bf4 Rc5 21. Nd4 Rac8 22. Nxe6 Rxb5 23. Nd4 Rb2+ 24. Kf1 Re8 25. Nf3 Nxe5 26. Bxe5 Bxe5 27. Rxd5 Bf6 28. Rd2 Rxd2 29.
Nxd2 Bg5 30. Rc2 Rd8 31. Ne4 Be7 32. Rc7 Kf8 33. Rxb7 Rd4 34. f3 Ra4 35. Rb2 Kg7 36. Ke2 h5 37. Rc2 h4 38. Nd2 h3 39. g3 Bd6 40. f4 Ra5 41. Nc4 Bc5 42. Nxa5 Bg1 43. Nc6 Bxh2 44. Kf2 Bxg3+ 45. Kxg3 h2 46. Kxh2 Kf6 47. Nxa7 Kf5 48. Nb5 Kxf4 49. a4 g5 50. a5 Kf3 51. a6 g4 52. a7 g3+ 53. Kh1 f5 54. a8=Q+ Kg4 55. Qg8+ Kf3 56. Rc3+ Ke2 57.
Qe6+ Kd2 58. Qe3+ 1-0

[Event "*** Titled Tuesday Blitz"]
[Site "Chess.com"]
[Date "2020.11.10"]
[Round "11"]
[White "zverr1"]
[Black "klimkoj"]
[Result "1/2-1/2"]
[WhiteElo "2448"]
[BlackElo "2622"]
[TimeControl "180+1"]
[EndTime "12:13:44 PST"]
[Termination "Game drawn by repetition"]

1. e4 c5 2. Nf3 d6 3. d4 cxd4 4. Nxd4 Nf6 5. Nc3 a6 6. h3 e5 7. Nde2 b5 8. g4 b4 9. Nd5 Nxd5 10. exd5 h5 11. gxh5 Rxh5 12. Ng3 Rh4 13. Be3 Nd7 14. Nf5 Rh8 15. Bg2 g6 16. Ng3 Bg7 17. Ne4 Qc7 18.
Qd2 a5 19. O-O Nf6 20. f4 Nxe4 21. Bxe4 Bxh3 22. f5 Bxf1 23. Rxf1 Qe7 24. Bg5 Bf6 25. Be3 gxf5 26. Bxf5 Qf8 27. Rf2 Bh4 28. Rg2 Rg8 29. Qd3 Rxg2+ 30. Kxg2 Qg7+ 31. Kf1 Qg3 32. Qe4 Qe1+ 33.
Kg2 Ke7 34. Bg5+ Kf8 35. Qxh4 Qxh4 36. Bxh4 Ra7 37. Bf6 Rc7 38. Kf3 Rc4 39. Be4 a4 40. b3 axb3 41. axb3 Rd4 42. Bg5 f5 43. Bxf5 Rxd5 44.
Be4 Rd1 45. Bh6+ Ke7 46. Be3 Ra1 47. Ke2 Ke6 48. Bd3 d5 49. Bd2 e4 50. Bb5 Ra2 51.
Kd1 Ra1+ 52. Ke2 Ra2 53. Kd1 Ra1+ 54. Ke2 1/2-1/2

[Event "*** Titled Tuesday Blitz"]
[Site "Chess.com"]
[Date "2020.11.10"]
[Round "11"]
[White "IMprovidence"]
[Black "Chigorinetz"]
[Result "0-1"]
[WhiteElo "2402"]
[BlackElo "2559"]
[TimeControl "180+1"]
[EndTime "12:13:45 PST"]
[Termination "Chigorinetz won on time"]

1. c4 Nc6 2. g3 h5 3. h4 e5 4. Bg2 Bc5 5. a3 a5 6. Nc3 d6 7. e3 Bg4 8. f3 Be6 9. b3 Nge7 10. Nge2 d5 11. d4 Ba7 12. cxd5 Nxd5 13. Nxd5 Qxd5 14.
e4 Qxb3 15. d5 Qxd1+ 16. Kxd1 O-O-O 17. Bd2 Bxd5 18. exd5 Rxd5 19. Ke1 Rhd8 20. Ra2 f5 21. Bh3 g6 22. g4 Ne7 23. gxh5 gxh5 24. Ng3 Rf8 25. Bg5 Kd8 26. Nxf5 Bc5 27. Ke2 Ke8 28. Ne3 Rd4 29. Rc1 b6 30. Nc4 e4 31. f4 Nd5 32.
Ne5 Nxf4+ 33. Bxf4 Rxf4 34. Rf1 e3 35. Rxf4 Rxf4 36.
Nf3 Ke7 37. a4 Rb4 38. Rc2 Rxa4 39. Bf5 Rb4 40. Bg6 a4 41. Bxh5 a3 42. Kd3 Rb3+ 43. Kc4 Rb4+ 44. Kd5 Rb1 45. Ne5 Bd6 46. Nc6+ Kf6 47.
Nd4 e2 48. Nxe2 Kf5 49. Nd4+ Kf4 50. Be2 Ke3 51. Ne6 Rb2 52. Rxb2 axb2 53. Bd3 Kxd3 0-1

[Event "*** Titled Tuesday Blitz"]
[Site "Chess.com"]
[Date "2020.11.10"]
[Round "11"]
[White "TimofeevAr"]
[Black "starworld123"]
[Result "1-0"]
[WhiteElo "2858"]
[BlackElo "2684"]
[TimeControl "180+1"]
[EndTime "12:13:46 PST"]
[Termination "TimofeevAr won by resignation"]

1. c4 c5 2. Nc3 Nc6 3. g3 g6 4. Bg2 Bg7 5. d3 e6 6. Bf4 Nge7 7. Qc1 O-O 8. Bh6 d5 9. Bxg7 Kxg7 10. Nf3 b6 11. O-O Bb7 12. cxd5 exd5 13. d4 cxd4 14. Nb5 Nf5 15. Qd2 Qf6 16. Rfd1 Rae8 17. Rac1 Re7 18.
Bh3 a6 19. Bxf5 axb5 20. Bd3 b4 21. Bb5 Ne5 22. Nxd4 Nc4 23. Qxb4 Re4 24. e3 Ne5 25. Be2 Re8 26. Qc3 h5 27. f3 Nxf3+ 28. Bxf3 Rxe3 29.
Qd2 Rxf3 30. Nxf3 Qxf3 31. Qd4+ Kg8 32. Rf1 Qe4 33. Rcd1 Qxd4+ 34. Rxd4 Re2 35. Rf2 Re1+ 36. Kg2 Bc8 37. a4 Bf5 38. Rfd2 Be4+ 39. Kf2 Rh1 40. Ke3 Re1+ 41. Re2 Ra1 42. b3 Rb1 43. Rb4 Rc1 44.
Kd4 Rd1+ 45. Ke5 Bf3 46. Rc2 Bg4 47. Rxb6 d4 48. Rd6 d3 49. Rb2 Kg7 50. a5 f6+ 51.
Ke4 Bf5+ 52. Ke3 Re1+ 53. Kd4 Re4+ 54. Kc3 Re5 55. b4 Rb5 56. a6 Kf7 57. a7 Ke7 58.
a8=Q Kxd6 59. Qa6+ 1-0

[Event "*** Titled Tuesday Blitz"]
[Site "Chess.com"]
[Date "2020.11.10"]
[Round "11"]
[White "Nara_Kh"]
[Black "Gerodot71"]
[Result "0-1"]
[WhiteElo "2365"]
[BlackElo "2488"]
[TimeControl "180+1"]
[EndTime "12:13:48 PST"]
[Termination "Gerodot71 won by resignation"]

1. e4 e5 2. Nf3 Nc6 3. Bb5 a6 4. Ba4 Nf6 5. O-O Be7 6. d3 b5 7. Bb3 d6 8. a4 Rb8 9. h3 O-O 10.
c3 Be6 11. Bc2 h6 12. d4 exd4 13. cxd4 Nb4 14. d5 Nxc2 15. Qxc2 Bd7 16. Nc3 Re8 17. Nd4 Bf8 18. Re1 b4 19. Nd1 Nxd5 20. Nc6 Bxc6 21.
Qxc6 Nb6 22. a5 Nc8 23. Qxa6 d5 24. e5 Re6 25. Qd3 c5 26. b3 Ne7 27. Bb2 Nc6 28. f4 Nxa5 29. f5 Re8 30. Ne3 c4 31. bxc4 Nxc4 32. Nxc4 dxc4 33. Qxc4 Qb6+ 34. Bd4 Qb5 35.
Rec1 b3 36. Rab1 Red8 37. Kh1 Qd7 38. Bb2 Qxf5 39. Rf1 Qe6 40. Qf4 Be7 41. Qg3 Rd2 42.
Rf2 Rc2 43. Rbf1 Rxf2 44. Qxf2 Rc8 45. Qe3 Rc2 46. Rf2 Bc5 47. Rxc2 Bxe3 48. Re2 Bc5 49. Re4 Qd5 50. Re2 Qc4 51. Rd2 Be3 52. Rd8+ Kh7 53. Rd7 Bc1 54. Bxc1 Qxc1+ 55. Kh2 b2 0-1

[Event "*** Titled Tuesday Blitz"]
[Site "Chess.com"]
[Date "2020.11.10"]
[Round "11"]
[White "Ladislav1969"]
[Black "TST2014"]
[Result "1-0"]
[WhiteElo "2280"]
[BlackElo "2461"]
[TimeControl "180+1"]
[EndTime "12:13:49 PST"]
[Termination "Ladislav1969 won on time"]

1. e4 c5 2. d4 cxd4 3. c3 Nf6 4. e5 Nd5 5. Nf3 Nc6 6. Bc4 Nb6 7. Bb3 d5 8. exd6 Qxd6 9. O-O Be6 10. Bxe6 Qxe6 11.
Nxd4 Qd7 12. Be3 Nc4 13. Qe2 Nxe3 14. fxe3 g6 15. Qf3 Ne5 16. Qe4 Bg7 17. Nd2 O-O 18. Rad1 Rad8 19. b3 Qc7 20. c4 Nc6 21. Nb5 Qe5 22.
Qxe5 Bxe5 23. Ne4 a6 24. Na3 Nb4 25. Nc5 Bb2 26. Nb1 b6 27. Nd7 Rfe8 28. Nxb6 Nxa2 29.
Nd5 Kf8 30. Rf2 Rxd5 31. Rxd5 Nc3 32. Rxb2 Nxd5 33. cxd5 Rd8 34. e4 Rc8 35. Na3 a5 36.
Kf2 f6 37. Ke2 Kf7 38. Kd3 Rc1 39. Nc4 Ra1 40. Kd4 h5 41. Kc5 a4 42. b4 a3 43.
Rb3 a2 44. Ra3 h4 45. b5 Ke8 46. b6 Kd7 47. Ra7+ Ke8 48. Kc6 Rc1 49. Ra8+ Kf7 50. Rxa2 Rxc4+ 51. Kb5 Rc1 52. b7 Rb1+ 53. Kc6 f5 54.
exf5 gxf5 55. Ra6 f4 56. Rb6 Rc1+ 57. Kd7 h3 58. gxh3 f3 59. b8=Q f2 60. Qe8+ Kg7 61.
Rg6+ 1-0

[Event "*** Titled Tuesday Blitz"]
[Site "Chess.com"]
[Date "2020.11.10"]
[Round "11"]
[White "VladaSviridova"]
[Black "atalz0"]
[Result "1-0"]
[WhiteElo "2270"]
[BlackElo "2392"]
[TimeControl "180+1"]
[EndTime "12:13:51 PST"]
[Termination "VladaSviridova won on time"]

1. d4 Nf6 2. c4 e6 3. Nf3 d5 4.
Nc3 c5 5. cxd5 Nxd5 6. e4 Nxc3 7. bxc3 cxd4 8. cxd4 Bb4+ 9. Bd2 Bxd2+ 10. Qxd2 O-O 11. Rc1 b6 12. Bd3 Bb7 13. O-O Nd7 14. Qe3 h6 15. h3 Rc8 16. e5 Re8 17. Nd2 Qh4 18. Be4 Bd5 19. Bxd5 exd5 20. Nf3 Qh5 21. Rxc8 Rxc8 22. Rc1 Rxc1+ 23. Qxc1 Qf5 24. Qc6 Qe6 25. Qc7 a5 26. a4 Nf8 27. Ne1 Ng6 28. Kh2 Nf4 29. Nc2 h5 30.
Ne3 h4 31. Qd8+ Kh7 32. Qxh4+ Qh6 33. Qxh6+ Kxh6 34. g3 Ne6 35. Nxd5 Nxd4 36. Nxb6 Nf3+ 37. Kg2 Nxe5 38. f4 Nd3 39. Kf3 f5 40. g4 fxg4+ 41. hxg4 Kg6 42. f5+ Kg5 43. Nc4 Nc5 44. Nxa5 Nxa4 45.
Nc6 Nc5 46. Nd4 Nd7 47. Nc6 Nf6 48. Ne5 Nd5 49. Kg3 Kf6 50. Nd7+ Kf7 51. Ne5+ Kf6 52. Nd3 Kf7 53. Kh4 Ne7 54. Kg5 Nd5 55. Ne5+ Kf8 56.
Kg6 Nf4+ 57. Kh7 1-0

[Event "*** Titled Tuesday Blitz"]
[Site "Chess.com"]
[Date "2020.11.10"]
[Round "11"]
[White "anpospan"]
[Black "MasterMK73"]
[Result "1-0"]
[WhiteElo "2441"]
[BlackElo "2278"]
[TimeControl "180+1"]
[EndTime "12:13:53 PST"]
[Termination "anpospan won on time"]

1. d4 d5 2. c4 e6 3. Nc3 c6 4.
e4 dxe4 5. Nxe4 Bb4+ 6. Nc3 c5 7.
d5 Nf6 8. Bg5 Bxc3+ 9. bxc3 Qa5 10. Bxf6 gxf6 11. Qd2 O-O 12. Bd3 e5 13. Ne2 Re8 14.
f3 Qd8 15. O-O f5 16. Ng3 Qf6 17. Rae1 Na6 18. Qf2 b6 19. Nh5 Qg6 20. Qh4 Kh8 21. Nf6 Rf8 22. Rxe5 Nc7 23. Rfe1 b5 24. cxb5 Rb8 25. c4 a6 26. Re7 Rb7 27. b6 Rxb6 28.
Rxc7 Rxf6 29. Ree7 Rg8 30. Qf2 a5 31. f4 Ba6 32.
Bf1 h5 33. Qb2 Qg7 34. Rc6 Rxc6 35. Qxg7+ Kxg7 36. dxc6 Kf6 37. Ra7 Bc8 38. Rxa5 Be6 39. Rxc5 Rc8 40. c7 Ke7 41. Bd3 Kd6 42. Re5 Rxc7 43.
c5+ Kd7 44. Bxf5 Ra7 45. Bxe6+ fxe6 46. Rxh5 Rxa2 47. h4 Rc2 48. Rg5 Rc4 49. g3 Ke7 50.
Kg2 Rd4 51. Kh3 Kf6 52. Kg4 Rd8 53. h5 Rh8 54. Rg6+ Kf7 55. Kg5 Rc8 56. g4 Rxc5+ 57.
f5 1-0

[Event "*** Titled Tuesday Blitz"]
[Site "Chess.com"]
[Date "2020.11.10"]
[Round "11"]
[White "sjam6687"]
[Black "RD4ever"]
[Result "1/2-1/2"]
[WhiteElo "2739"]
[BlackElo "2823"]
[TimeControl "180+1"]
[EndTime "12:13:54 PST"]
[Termination "Game drawn by repetition"]

1. d4 d5 2. c4 e6 3. Nc3 c5 4. cxd5 exd5 5. Nf3 Nc6 6. g3 Nf6 7. Bg2 cxd4 8. Nxd4 Bc5 9. Nb3 Bb6 10.
O-O d4 11. Na4 O-O 12. Nxb6 axb6 13. Bg5 h6 14. Bxf6 Qxf6 15. Bxc6 bxc6 16. Qxd4 Qd8 17. Rad1 Qxd4 18. Nxd4 c5 19. Nb5 Rxa2 20. Rd2 Be6 21.
Rfd1 Rc8 22. Rd8+ Rxd8 23. Rxd8+ Kh7 24. Rd2 Bc4 25. Nc3 Ra1+ 26. Kg2 Rc1 27. e4 b5 28.
Nd5 b4 29. f4 Bb3 30. h4 Bc2 31. Kf3 b3 32. Ne3 Rb1 33. Nc4 f6 34. e5 fxe5 35.
fxe5 Kg6 36. Kf4 Rf1+ 37. Ke3 Kf5 38. Ke2 Rh1 39. Ke3 Rb1 40. Rf2+ Ke6 41. Rd2 Re1+ 42.
Kf2 Re4 43. Rd6+ Ke7 44. Ne3 Rxe5 45. Rb6 Re6 46. Rb7+ Kf8 47. Nd5 Be4 48. Nf4 Rf6 49. Rxb3 g5 50. Ke3 gxf4+ 51. Kxe4 fxg3 52. Rxg3 Rb6 53. b3 Rd6 54. h5 Kf7 55. Ke5 Rd4 56. Rf3+ Kg7 57. Rg3+ Kf7 58. Rf3+ Kg7 59. Rg3+ Kf7 1/2-1/2

[Event "*** Titled Tuesday Blitz"]
[Site "Chess.com"]
[Date "2020.11.10"]
[Round "11"]
[White "GregShahade"]
[Black "AlexeiShirov"]
[Result "1-0"]
[WhiteElo "2721"]
[BlackElo "2808"]
[TimeControl "180+1"]
[EndTime "12:13:58 PST"]
[Termination "GregShahade won on time"]

1. e4 e5 2. Nf3 Nc6 3. Bb5 a6 4. Ba4 Nf6 5. O-O Be7 6. Re1 b5 7. Bb3 d6 8. c3 O-O 9. h3 Nb8 10. d4 Nbd7 11. Nbd2 Re8 12. Bxf7+ Kxf7 13. Ng5+ Kg8 14.
Ne6 Nf8 15. Nxd8 Bxd8 16. a4 c6 17. d5 cxd5 18. axb5 Ne6 19. exd5 Nc7 20. bxa6 Bxa6 21. c4 Be7 22. b3 Reb8 23. Bb2 Bc8 24. Qc2 g6 25.
Rxa8 Rxa8 26. Ra1 Rb8 27. Ra7 Bd8 28. Ba3 Nce8 29. c5 Bf5 30. Qc4 Nc7 31. g4 Nb5 32.
gxf5 Nxa7 33. fxg6 hxg6 34. c6 Nb5 35. Bb2 Kf7 36. Ne4 Nxe4 37. Qxe4 Nc7 38. Qf3+ Bf6 39. Ba3 Nb5 40. Bb2 Nc7 41. Bc1 Ke7 42. Bd2 Rb5 43.
Qe3 Rc5 44. Bb4 Nxd5 45. Qe4 Rc1+ 46. Kh2 Nf4 47. Ba5 d5 48. Qb4+ Ke6 49. Qb7 Kf5 50. Qd7+ Ke4 51. Bd2 Rc2 52. Bxf4 exf4 53. c7 Rxf2+ 54.
Kh1 Bd4 55. Qe6+ Kd3 56. Qxg6+ Kd2 57. c8=Q Rf1+ 58. Kh2 Rf2+ 59. Qg2 f3 60. Qxf2+ Bxf2 61. Qf5 1-0

[Event "*** Titled Tuesday Blitz"]
[Site "Chess.com"]
[Date "2020.11.10"]
[Round "11"]
[White "Evgeny81"]
[Black "BegmuratovKh2010"]
[Result "1-0"]
[WhiteElo "2720"]
[BlackElo "2491"]
[TimeControl "180+1"]
[EndTime "12:13:58 PST"]
[Termination "Evgeny81 won by checkmate"]

1. e4 e5 2. Nf3 Nc6 3. Bb5 Nf6 4.
O-O Nxe4 5. d4 Nd6 6. Bxc6 dxc6 7. dxe5 Nf5 8. Qxd8+ Kxd8 9. Nc3 Be7 10. h3 h6 11. Ne2 Be6 12. Nf4 Bc4 13. Rd1+ Kc8 14. b3 Be6 15. Nxe6 fxe6 16. g4 Nh4 17. Nxh4 Bxh4 18. Kg2 Rf8 19. f4 b6 20. Be3 Rf7 21.
Kf3 Kb7 22. Ke4 Raf8 23. Rf1 g6 24. Rad1 c5 25. Rf3 Kc6 26. c4 a5 27. a4 h5 28. gxh5 gxh5 29. Rg1 Kd7 30. Rg6 Rf5 31. Bf2 Bd8 32. Rg7+ Ke8 33. Be3 Be7 34. Rfg3 h4 35.
R3g6 Kd7 36. Rh7 R8f7 37. Rhh6 Bf8 38. Rxh4 Be7 39. Rh8 Bf8 40. h4 Ke8 41. Rgg8 Ke7 42. h5 Bg7 43. Rh7 Bf8 44. Rxf7+ Kxf7 45. Rg5 Rxg5 46. fxg5 Kg7 47. Kf3 Be7 48. Kg4 Bd8 49. g6 Be7 50. Bg5 Bf8 51. Bf6+ Kh6 52. Bg5+ Kg7 53.
Bd8 Kh6 54. Bxc7 Bg7 55. Kh4 Bf8 56. Bxb6 Be7+ 57. Kg4 Bf8 58. Bxa5 Bg7 59. Bb6 Bxe5 60. Bxc5 Bg7 61. Be3# 1-0

[Event "*** Titled Tuesday Blitz"]
[Site "Chess.com"]
[Date "2020.11.10"]
[Round "11"]
[White "Aygehovit1992"]
[Black "KuzubovYuriy"]
[Result "0-1"]
[WhiteElo "2679"]
[BlackElo "2838"]
[TimeControl "180+1"]
[EndTime "12:13:59 PST"]
[Termination "KuzubovYuriy won by resignation"]

1. e4 c5 2. Nf3 d6 3. d4 cxd4 4. Nxd4 Nf6 5. Nc3 a6 6. h3 e5 7. Nde2 Be6 8. Bg5 Nbd7 9. f4 h6 10. Bh4 Rc8 11. f5 Bc4 12. Ng3 Qb6 13. Bxc4 Rxc4 14.
Rb1 d5 15. Bxf6 Nxf6 16. Nxd5 Nxd5 17. Qxd5 Qe3+ 18. Ne2 Rxc2 19. Qxe5+ Be7 20. Qb8+ Bd8 21. Qe5+ Kd7 22. Qd4+ Qxd4 23. Nxd4 Rxg2 24. Kf1 Rd2 25. Nf3 Rc2 26. Nd4 Rc4 27. Rd1 Kc8 28. Rh2 Bf6 29.
Nc2 Rxe4 30. b3 Rd8 31. Rxd8+ Kxd8 32. Rd2+ Kc7 33. Kg2 Re5 34. Nd4 Rd5 35. Rc2+ Kd7 36.
Nf3 Rxf5 37. Kf2 Rd5 38. Ke3 Be7 39. Ke4 Rh5 40. Ne5+ Ke6 41. Nd3 f5+ 42. Kd4 Rh4+ 43. Kc3 Rxh3 44. Re2+ Kd7 45. Kc4 Bd6 46. Rd2 Kc6 47. a4 Rh4+ 48. Kc3 g5 49. Re2 Re4 50. Rf2 f4 51. Rh2 Re6 52. Nf2 f3 53. Rh3 Bc5 54. Rxf3 Bxf2 55. Rxf2 g4 56. Rf7 Rg6 57. Rf2 g3 58.
Rg2 h5 59. Kd4 h4 60. Ke3 h3 61. Kf3 hxg2 62. Kxg2 Kc5 0-1

[Event "*** Titled Tuesday Blitz"]
[Site "Chess.com"]
[Date "2020.11.10"]
[Round "11"]
[White "xberli"]
[Black "Sofiia_Hryzlova"]
[Result "1-0"]
[WhiteElo "2535"]
[BlackElo "2325"]
[TimeControl "180+1"]
[EndTime "12:13:59 PST"]
[Termination "xberli won by resignation"]

1. d4 Nf6 2. c4 e6 3. Nc3 Bb4 4. Nf3 O-O 5. e3 b6 6. Bd3 Bxc3+ 7. bxc3 Bb7 8. O-O d6 9. a4 a5 10.
Re1 Ne4 11. Qc2 f5 12. c5 dxc5 13. Ba3 Nd7 14. Rad1 Qe7 15. Nd2 Nd6 16. Bf1 cxd4 17. exd4 Nf6 18. Nc4 Nfe4 19. f3 Ng5 20. d5 e5 21.
Nxe5 Qd8 22. c4 Rf6 23. Bb2 Rh6 24. Qf2 Ndf7 25. Qg3 Nxe5 26. Rxe5 Rg6 27. Re2 f4 28. Qg4 Bc8 29. Qh5 Bd7 30. h4 Nh3+ 31. Kh2 Rh6 32. Qe5 Rg6 33. Qe7 Bxa4 34. Qxd8+ Rxd8 35. Rde1 Ng5 36. hxg5 Rxg5 37. Re7 Kf8 38. Kg1 Rc8 39. Bd3 Bb3 40. R7e5 Rxe5 41. Rxe5 a4 42. Ba3+ Kg8 43.
Bf5 g6 44. Bxc8 Bxc4 45. Be6+ Kg7 46. d6 Kf6 47. Bxc4 cxd6 48. Re6+ Kf5 49. Rxd6 b5 50.
Rb6 g5 51. Rxb5+ Kg6 52. Rb4 Kh5 53. Rxa4 h6 54. Ra6 Kh4 55. Be6 h5 56. Rd6 g4 57.
Rd4 Kg3 58. Rxf4 Kxf4 59. fxg4 hxg4 60. Bxg4 Kxg4 61. Bc1 Kg3 62. Kf1 Kg4 63. Kf2 Kf5 64.
g3 Kg6 65. Kf3 Kf5 66. g4+ Kg6 67. Kf4 Kf7 68. g5 Kg6 69. Kg4 Kg7 70. Kf5 Kf7 71. g6+ Kg7 72. Kg5 Kg8 73. Kh6 Kf8 74. Kh7 1-0